Cogmind - Beta 13 @@@ ROGUE MODE // 2024.05.20 @ 18:08:21 Player: GayPredator Result: Destroyed by XJ-8SZ(R) with Subdweller Beam Cannon Performance ------------- Evolutions (0) 0 Regions Visited (3) 600 Robots Destroyed (13) 65 Value Destroyed (468) 468 Prototype IDs (0) 0 Alien Tech Used (0) 0 Bonus (285) 285 TOTAL SCORE: 1418 Bonus ------- Follower Combat Kills 325 Friendly Fire -40 Cogmind --------- Core Integrity 0/250 Matter 215/300 Energy 250/250 System Corruption 0% Temperature Cool (9) Movement Treading (160) Location -10/Subcaves Parts ------- > --- POWER (1) -------- Ion Engine > --- PROPULSION (2) --- Light Treads Light Treads > --- UTILITY (2) ------ Large Storage Unit Seismic Detector > --- WEAPON (2) ------- Battle Cannon Rocket Launcher > --- INVENTORY (15) --- Ion Engine Wheel Improved Heat Sink Improved Terrain Scanner Light Assault Rifle Light Assault Rifle Datajack Mining Laser Shrapnel Trap Peak State ------------ > --- POWER ------------ Ion Engine > --- PROPULSION ------- Light Treads Compact Wheel > --- UTILITY ---------- Large Storage Unit Improved Terrain Scanner > --- WEAPON ----------- Light Assault Rifle Rocket Launcher > --- INVENTORY -------- Ion Engine Wheel Improved Heat Sink Seismic Detector Light Assault Rifle Light Assault Rifle Datajack Mining Laser [Rating: 11] Favorites ----------- Power Ion Engine Engine Ion Engine Propulsion Light Treads Treads Light Treads Wheel Compact Wheel Utility Large Storage Unit Device Improved Terrain Scanner Storage Large Storage Unit Weapon Light Assault Rifle Ballistic Gun Light Assault Rifle Ballistic Cannon Battle Cannon Launcher Rocket Launcher Special Weapon Mining Laser Build | -11 -10 -10 -10 ------- Run | Yrd Mat Min Sub Slots Evolved . | . . . . Power . | . . . . Propulsion . | . . . . Utility . | . . . . Weapon . | . . . . Parts Attached 26 | 7 1 5 13 Power 2 | 1 . 1 . Engine 2 | 1 . 1 . Core . | . . . . Reactor . | . . . . Propulsion 4 | 2 . . 2 Treads 3 | 2 . . 1 Leg . | . . . . Wheel 1 | . . . 1 Hover . | . . . . Flight . | . . . . Utility 8 | 2 1 3 2 Device 6 | 1 . 3 2 Storage 2 | 1 1 . . Processor . | . . . . Hackware . | . . . . Protection . | . . . . Artifact . | . . . . Weapon 12 | 2 . 1 9 Energy Gun . | . . . . Energy Cannon . | . . . . Ballistic Gun 4 | 2 . 1 1 Ballistic Cannon 1 | . . . 1 Launcher 4 | . . . 4 Special Weapon 3 | . . . 3 Impact Weapon . | . . . . Slashing Weapon . | . . . . Piercing Weapon . | . . . . Special Melee Weapon . | . . . . Unidentified Prototypes . | . . . . Parts Lost 1 | . . . 1 Power . | . . . . Propulsion 1 | . . . 1 Utility . | . . . . Weapon . | . . . . Highest Loss Streak 1 | . . . 1 To Critical Strikes . | . . . . Average Slot Usage (%) 99 | . 100 100 99 Engine 14 | . 14 14 14 Treads 27 | . 28 28 27 Device 13 | . 14 14 13 Storage 14 | . 14 14 14 Ballistic Gun 19 | . 28 28 15 Launcher 6 | . . . 10 Special Weapon 1 | . . . 2 Naked Turns . | . . . . Heaviest Build 33 | 13 28 28 33 Greatest Support 40 | 40 40 40 40 Greatest Overweight (x) 1 | . . . 1 Average Overweight (x) . | . . . . Largest Inventory Capacity 15 | 8 15 15 15 Average Capacity 14 | 7 8 15 15 Most Carried 10 | 3 7 9 10 Average Carried 8 | 2 3 8 9 Final Capacity 15 | 8 15 15 15 Final Carried 9 | 3 6 9 9 Class Distribution -------------------- 100% | Mutant Dominant Class ---------------- Mutant | -10/Materials Mutant | -10/Mines Mutant | -10/Subcaves Resources | -11 -10 -10 -10 ----------- Run | Yrd Mat Min Sub Matter Collected 653 | 278 58 48 269 Remotely . | . . . . Salvage Created 527 | 91 189 93 154 Parts 21 | 5 8 4 4 Haulers Intercepted . | . . . . Recyclers Shooed . | . . . . Parts Field Recycled . | . . . . Retrieved Matter . | . . . . Parts Self-Destructed 10 | . . . 10 Prevented . | . . . . Kills | -11 -10 -10 -10 ------- Run | Yrd Mat Min Sub Combat Hostiles Destroyed 11 | . 4 2 5 Guns 7 | . 4 2 1 AOE 4 | . . . 4 Classes Destroyed 5 | 2 1 . 2 Tunneler 1 | 1 . . . Recycler 1 | 1 . . . Grunt 7 | . 4 2 1 Sentry 1 | . . . 1 Subdweller 3 | . . . 3 Best Kill Streak 2 | 2 2 2 1 Combat Bots Only 2 | . 2 2 1 Max Kills in Single Turn 1 | 1 1 1 1 Gunslinging . | . . . . Exploded 1 | . . . 1 Melee . | . . . . Uniques/NPCs Destroyed . | . . . . Combat | -11 -10 -10 -10 -------- Run | Yrd Mat Min Sub Hostile Shots Fired 52 | . 25 13 14 Missed 9 | . 4 1 4 Damage Taken 912 | . 285 158 469 Core 263 | . 112 28 123 Absorbed by Shields . | . . . . Core Remaining (%) 100 | 100 . . . Volleys Fired 72 | 4 24 9 35 Largest 2 | 2 2 2 2 Hottest 100 | 40 40 40 100 Shots Fired 114 | 8 48 18 40 Gun 80 | 8 48 18 6 Cannon 1 | . . . 1 Launcher 18 | . . . 18 Special 15 | . . . 15 Kinetic 81 | 8 48 18 7 Thermal 15 | . . . 15 Explosive 18 | . . . 18 Electromagnetic . | . . . . Robot Hit Streak 19 | 7 19 17 6 Robot Miss Streak 4 | . 4 3 1 Penetration Max . | . . . . Secondary Targets 2 | . 1 1 . Max Gunslinging Chain 1 | . 1 1 . Shots Hit Robots 68 | 7 38 11 12 Core Hits 38 | 4 13 8 13 Critical Kills . | . . . . Critical Parts Destroyed . | . . . . Critical Strikes . | . . . . Melee Attacks . | . . . . Impact . | . . . . Slashing . | . . . . Piercing . | . . . . Sneak Attacks . | . . . . Combat Hostiles . | . . . . Follow-up Attacks . | . . . . Damage Inflicted 1232 | 59 311 90 772 Guns 490 | 59 311 88 32 Cannons 24 | . . . 24 Explosions 716 | . . . 716 Melee . | . . . . Ramming 2 | . . 2 . Kinetic 514 | 59 311 88 56 Thermal . | . . . . Explosive 716 | . . . 716 Electromagnetic . | . . . . Impact . | . . . . Slashing . | . . . . Piercing . | . . . . Highest Corruption . | . . . . Average Corruption . | . . . . Corruption Purged . | . . . . Corruption Blocked . | . . . . Overload Shots . | . . . . Overflow Damage . | . . . . Projectiles . | . . . . Explosions . | . . . . Melee . | . . . . Knockbacks . | . . . . Impact . | . . . . Kinetic . | . . . . Secondary . | . . . . Self-Inflicted Damage 119 | . . . 119 Shots 5 | . . . 5 Rammed 1 | . . 1 . Targets Rammed 1 | . . 1 . Kicked . | . . . . Crushed . | . . . . Highest Temperature 49 | . 34 49 . Average Temperature 15 | . 13 19 . Received Heat Transfer 417 | . 183 141 93 Siege Activations . | . . . . Robots Corrupted . | . . . . Combat Hostiles . | . . . . Parts Fried . | . . . . Impact Corruptions . | . . . . Robots Melted . | . . . . Combat Hostiles . | . . . . Parts Melted . | . . . . Heat Transferred . | . . . . Parts Sabotaged . | . . . . Parts Stolen . | . . . . Parts Stripped . | . . . . Power Chain Reactions . | . . . . Alert | -11 -10 -10 -10 ------- Run | Yrd Mat Min Sub Peak Influence 195 | 10 117 195 . Initial 45 | . 6 45 . Average 65 | 4 46 81 . Maximum Alert Level . | . . . . Low Security (%) 100 | 100 100 100 . Level 1 . | . . . . Level 2 . | . . . . Level 3 . | . . . . Level 4 . | . . . . Level 5 . | . . . . High Security . | . . . . Max Security . | . . . . Squads Dispatched 1 | . 1 . . Investigation . | . . . . Extermination . | . . . . Reinforcement 1 | . 1 . . Assault . | . . . . Garrison . | . . . . Intercept . | . . . . Searches Triggered . | . . . . Construction Impeded . | . . . . Haulers Reinforced . | . . . . Active Scanning Responses . | . . . . Cargo Convoy Interrupts . | . . . . Stealth | -11 -10 -10 -10 --------- Run | Yrd Mat Min Sub Distress Signals 1 | . 1 . . Communications Jammed . | . . . . Distress Signals . | . . . . Times Spotted 26 | . 9 6 11 Peak Tracking Total 5 | . 5 2 2 Tactical Retreats 1 | . . 1 . Traps | -11 -10 -10 -10 ------- Run | Yrd Mat Min Sub Traps Triggered 2 | . . . 2 Indirectly . | . . . . Trap Hack Attempts . | . . . . Triggered . | . . . . Disarmed . | . . . . Reprogrammed . | . . . . Reused . | . . . . Traps Extracted . | . . . . Installed . | . . . . Triggered . | . . . . Most Traps Carried 1 | . . . 1 Machines | -11 -10 -10 -10 ---------- Run | Yrd Mat Min Sub Machines Disabled . | . . . . Max in Single Turn . | . . . . Machines Repaired . | . . . . Machines Dismantled . | . . . . Machines Sabotaged . | . . . . Overloaded Fab Kills . | . . . . Hacking | -11 -10 -10 -10 --------- Run | Yrd Mat Min Sub Machines Accessed 3 | . 2 . 1 Terminals 2 | . 2 . . Fabricators . | . . . . Repair Stations . | . . . . Recycling Units . | . . . . Scanalyzers . | . . . . Garrison Access . | . . . . Total Hacks 13 | . 10 . 3 Successful 7 | . 4 . 3 Failed 6 | . 6 . . Catastrophic 1 | . 1 . . Database Lockouts . | . . . . Manual 8 | . 8 . . Terminals 10 | . 10 . . Fabricators . | . . . . Repair Stations . | . . . . Recycling Units . | . . . . Scanalyzers . | . . . . Garrison Access . | . . . . Terminal Hacks 5 | . 2 . 3 Record 3 | . . . 3 Part Schematic 1 | . 1 . . Terminal Index 1 | . 1 . . Fabricator Hacks . | . . . . Repair Station Hacks . | . . . . Recycling Unit Hacks . | . . . . Scanalyzer . | . . . . Garrison Access Hacks . | . . . . Unauthorized Hacks 2 | . 2 . . Terminals 2 | . 2 . . Botnet 2 | . 2 . . Fabricators . | . . . . Repair Stations . | . . . . Recycling Units . | . . . . Scanalyzers . | . . . . Garrison Access . | . . . . Data Cores Recovered . | . . . . Used . | . . . . Hacking Detections 2 | . 2 . . Full Trace Events . | . . . . Feedback Events . | . . . . Feedback Blocked . | . . . . Robot Schematics Acquired . | . . . . Robots Built . | . . . . Authchips . | . . . . Time . | . . . . Total Robot Build Rating . | . . . . Part Schematics Acquired 1 | . 1 . . Parts Built . | . . . . Authchips . | . . . . Time . | . . . . Total Part Build Rating . | . . . . Parts Repaired . | . . . . Time . | . . . . Parts Recycled . | . . . . Recycled Matter . | . . . . Retrieved Matter . | . . . . Retrieved Components . | . . . . Parts Scanalyzed . | . . . . Part Schematics Acquired . | . . . . Parts Damaged . | . . . . Bothacking | -11 -10 -10 -10 ------------ Run | Yrd Mat Min Sub Used RIF Installer . | . . . . Robots Hacked . | . . . . Non-combat . | . . . . Combat . | . . . . Robot Hacks Applied . | . . . . Relay Couplers Released . | . . . . Fabnet Peak Effective % . | . . . . Robots Rewired . | . . . . Allies Hacked . | . . . . Hacks Repelled . | . . . . Allies | -11 -10 -10 -10 -------- Run | Yrd Mat Min Sub Total Allies 3 | . . 3 . Largest Group 3 | . . 3 2 Highest-Rated Group 40 | . . 40 32 Highest-Rated Ally 16 | . . 16 16 Total Orders . | . . . . Ally Attacks 59 | . . 21 38 Total Damage 732 | . . 240 492 Kills 11 | . . 3 8 Allies Corrupted . | . . . . Allies Melted . | . . . . Intel | -11 -10 -10 -10 ------- Run | Yrd Mat Min Sub Robot Analysis Total . | . . . . Derelict Logs Recovered . | . . . . Drone Launches . | . . . . Drone Recoveries . | . . . . Exploration | -11 -10 -10 -10 ------------- Run | Yrd Mat Min Sub Turns Passed 2853 | 95 289 704 1765 Spaces Moved 1364 | 45 131 209 979 Core 3 | 3 . . . Treads 1321 | 42 131 209 939 Legs . | . . . . Wheels 40 | . . . 40 Hover . | . . . . Flight . | . . . . Fastest Speed 50 | 50 160 160 115 Average Speed 164 | 152 160 160 166 Slowest Speed 240 | 160 160 160 240 Overloaded Moves . | . . . . Propulsion Burnouts . | . . . . Robots Hopped . | . . . . Cave-ins Triggered . | . . . . Exploration Rate (%) 38 | 4 33 49 66 Regions Visited 3 Branch Regions 2 Pre-discovered Areas . | . . . . Known Exits Taken . | . . . . Unknown Exits Taken 3 | 1 1 1 . Scrap Searched 2 | . . 1 1 Spaces Dug . | . . . . Terrain Destroyed 147 | . . . 147 Melee . | . . . . Projectile . | . . . . AOE 147 | . . . 147 Terrain Rammed . | . . . . Walls Destroyed . | . . . . Machines Disabled . | . . . . Actions | -11 -10 -10 -10 --------- Run | Yrd Mat Min Sub Total 1840 | 62 172 563 1043 Wait 362 | 3 13 336 10 Move 1361 | 44 130 208 979 Hop . | . . . . Pick Up 11 | 4 3 1 3 Fast Attach 8 | 6 . 1 1 Attach 3 | 1 . . 2 Detach 1 | . . 1 . Swap 15 | . 1 4 10 Drop 6 | . 1 2 3 Fire 72 | 4 24 9 35 Melee . | . . . . Ram . | . . . . Kick . | . . . . Crush 1 | . . 1 . Escape Stasis . | . . . . Rewire . | . . . . Trap . | . . . . Miscellaneous . | . . . . Route ------- -11/Scrapyard -10/Materials -10/Mines (discovered 2 exits: [*Mat] / *Sub) -10/Subcaves History --------- Turn | Location | Event 44 | -11/Scrapyard | Discovered new exit (range 12) 96 | -11/Scrapyard | Entered Materials 235 | -10/Materials | Discovered new exit (range 15) 306 | -10/Materials | Build established: Mutant 385 | -10/Materials | Entered Mines 390 | -10/Mines | Core integrity fell below 50% 447 | -10/Mines | Assisted by bots powering up and referring to "LRC-V3" 472 | -10/Mines | Received a Rocket Launcher from a helpful Derelict 650 | -10/Mines | Discovered new exit (range 7) 1084 | -10/Mines | Discovered new exit (range 3) 1089 | -10/Mines | Entered Subcaves 1089 | -10/Subcaves | Accompanied by 2 allies 1176 | -10/Subcaves | Core integrity fell below 20% 1638 | -10/Subcaves | Visited Clippyterm 2828 | -10/Subcaves | Ambushed by Subdwellers from Twisted Machinery 2847 | -10/Subcaves | Disturbed a concealed Subdweller 2854 | -10/Subcaves | Destroyed by XJ-8SZ(R) with Subdweller Beam Cannon Last Messages --------------- 02707_ The unstable cave ceiling collapses. 02707_ NT-UF0(u) builds Twisted Machinery. 02712_ Acquired 32 matter. 02713_ Acquired 8 matter. 02715_ The unstable cave ceiling collapses. 02721_ Acquired 40 matter. 02728_ NT-UF0(u) builds Twisted Machinery. 02736_ The unstable cave ceiling collapses. 02800_ RW-YB4(z): "She is not going to be happy we haven't found any suitable candidates yet." 02828_ RG-41P(R) emerges from the Twisted Machinery. 02829_ Trooper 1a destroyed. 02845_ 70-CNC(z) pulls a Mak. Axe out of the Twisted Machinery. 02846_ The unstable cave ceiling collapses. 02846_ CM-8HA(R) destroyed. 02847_ XJ-8SZ(R) angrily emerges from the Twisted Machinery. 02849_ XU-Z4I(u) builds Twisted Machinery. Map ----- +----------------------------------------------------+ | ??????????#?# "" ####""# &""""" | | ????????????# "" # ##??#########"" | | ????????????# "### #####?#???????######## | | ????????????# ##?# #????????????#"##" ## | | ???????#????# ### "#?# "" ??? "????????#""" # | | ????????????## ??# #?## " "????????????#"" | | ???????????#?##??# ###### "" ? ????????## #"" " | | ??????????#??????# """####"""##?????????# ##### | | ?????????????###?# """ #??# ##?????????# #??# | | ?????????????# # """"#??##?#??????????## ##??? | | ?????????????# ###"""#### ##?#?? ????### ##??? | | ?????????????# " """ ##?#????????## #??? | | ?????????????# " "" #???????????# ##??? | | ?????????????# " "" #??????#??## #???? | | ?????????????# # " """### ???###### ##### | | ?????????????# # #### ### # | | ????????????# #### #??? ## | | ??????????? ??## ##### #?? | | ?????????? ??## %z#"$"## # | | ????????? ???# ""&"#?# ### | | ????????? ? ????# &$$"$#?# #??# | | ?????????? ????# R##""# ??## # | | ???????? ## ### #?### ??## # # | | ???????? ! * #???# ???# ^ ## # | | ??????? ![ % ##??# ????# #" # | | ???????? %= =%! ! #@ #??? #???# ^ ^ " "# | | ???????? & ## #??????## " | | ???????? ##### #??????#^ ^ "" | | ???????? ??????## # % "#??????# | | ????????????????#### "" """"#?????## #" | | ???????????????????# ####### #?????## ##" | | ???????????????????# ?????? ##?????# ??###### | | ???????????????????## #??????? #??????# ???????# | | ????????????????????# "#????????#??????##? ??????# | | ????????????????????# " ????????????????? ??????? | | ????????????????????# ?????????????????# ?????? | | ????????????????????# ??????????????????# ???#?# | | ????????????????????# ?????????????????## ???## | | ??????????????????????????????????????## #??# | | ????????????????????????????????????#??# ??## | | ???????????????????????????????????????# #### | | ?????????????????????????????????????????# # | | ??????????????????????????????????????????# | | ??????????????????????????????????????????# | | ?????????????????????????????????????????## | | ?????????????????????????????????????????# | | ??????????????????????????????????????#?## | | ????????????????????????????????????????#" | | ?????????????????????????????????????# | | ?????????????????????????????????????# ### | +----------------------------------------------------+ Best States ------------- Heat Dissipation 25 Energy Generation 10 Energy Capacity 250 Matter Stores 300 Matter Capacity 300 Sight Range 21 Terrain Scan Range 16 Terrain Scan Density 10 Evasion (%) 40 Recoil Reduction 2 Item Schematics ----------------- Hcp. Storage Unit | -10/Materials | Hacked Robot Schematics ------------------ None Fabricated ------------ Nothing Alien Tech Used ----------------- None Achievements -------------- None Challenges ------------ None Game ------ Seed DamperNullTerminator Manual? 0 Play Time 00:16:16 Cumulative 119.2 hours Start 2024.05.20 @ 17:53:27 End 2024.05.20 @ 18:08:21 Sessions 1 Manual Loads 0 Difficulty Rogue Special Mode None Game No. 97 Rogue 58 Adventurer 32 Explorer 7 Win Type - Total 0 Types 0/0/0/0/0/0/0/0/0 Lore% 29 Gallery% 63 Achievement% 47 Wizard Run 0 Options --------- Layout 2 ASCII 0 Keyboard 0 Movement Numpad Keybinds 0 Fullscreen 2 Font 24/Smallcaps Map View 50x44 Zoom Use 0% Tactical HUD 1 Map Filters NONE Filters NONE Steam SD RUN: 2bc41997-10f7-42ab-b14b-8c44bd99dda6